 Dungeon Sprint DCSS version 0.17-a0-1468-gbf503c2 (webtiles) character file.

0 hexophile the Insei (level 1, -11/21 HPs)
             Began as a Naga Monk on July 1, 2015.
             Was a Believer of Cheibriados.
             Mangled by a centaur warrior
             ... wielding the +8 great sword "Idico" {freeze, rF+}
              (18 damage)
             ... in the Dungeon (Sprint V: "Ziggurat Sprint").
             The game lasted 00:02:18 (84 turns).

hexophile the Insei (Naga Monk)                       Turns: 84, Time: 00:02:18

Health: -11/21     AC: 20    Str: 17    XL:     1   Next: 0%
Magic:  1/1        EV: -4    Int: 14    God:    Cheibriados [**....]
Gold:   0          SH: 25    Dex: 17    Spells: 0 memorised, 0 levels left

rFire  . . .     SeeInvis +       - Unarmed
rCold  . . .     Clarity  .     F - +15 Maxwell's patent armour {-Cast -Tele rElec MR+ rCorr}
rNeg   + . .     SustAt   .     G - +18 shield of the gong {rElec rN+ MR+ EV-5}
rPois  +         Gourm    .     (no helmet)
rElec  +         Spirit   .     (no cloak)
rCorr  +         Warding  .     (no gloves)
rMut   .         NoTele   +     (no barding)
MR     ++...     NoCast   +     (no amulet)
Stlth  ..........               (no ring)
                                (no ring)

@: very slow, very resistant to hostile enchantments, extremely unstealthy
A: see invisible, deformed body, poison resistance, slowness 2, slow metabolism
1, spit poison 2, AC +0
a: Spit Poison, Bend Time, Renounce Religion


You were in the Dungeon.
You worshipped Cheibriados.
Cheibriados was pleased with you.
You were not hungry.

You visited 1 branch

Inventory:

Armour
 a - a +0 robe
 B - a +3 shield
 C - a +5 fire dragon armour
 D - a +5 shadow dragon armour
 E - a +5 storm dragon armour
 F - the +15 Maxwell's patent armour (worn) {-Cast -Tele rElec MR+ rCorr}
   (You found it in the Dungeon)

   It insulates you from electricity.
   It affects your resistance to hostile enchantments.
   It prevents spellcasting.
   It prevents most forms of teleportation.
   It protects you from acid and corrosion.
 G - the +18 shield of the gong (worn) {rElec rN+ MR+ EV-5}
   (You found it in the Dungeon)

   It affects your evasion (-5).
   It insulates you from electricity.
   It protects you from negative energy.
   It affects your resistance to hostile enchantments.
Magical devices
 x - a wand of disintegration (4)
 y - a wand of fire (5)
 z - a wand of cold (5)
 A - a wand of draining (5)
Scrolls
 h - 4 scrolls of blinking
 o - 4 scrolls of amnesia
 p - 3 scrolls of recharging
 q - 7 scrolls of fog
 r - a scroll of holy word
 s - 5 scrolls of identify
 t - 5 scrolls of remove curse
 u - 2 scrolls of fear
Potions
 c - 10 potions of curing
 d - 10 potions of heal wounds
 f - 7 potions of magic
 i - 2 potions of brilliance
 j - 2 potions of invisibility
 k - 4 potions of resistance
 l - a potion of experience
 m - 5 potions of agility
 n - 5 potions of might
Comestibles
 b - 5 bread rations
 v - 42 fruits
 w - 4 meat rations


   Skills:
 * Level 3.0 Fighting
 * Level 0.0 Armour
 + Level 2.4 Dodging
 - Level 3.0 Stealth
 * Level 0.0 Shields
 * Level 4.0 Unarmed Combat


You couldn't memorise any spells.
You didn't know any spells.

Dungeon Overview and Level Annotations

Branches:
Dungeon (1/1)

Altars:
Ashenzari
Cheibriados
Dithmenos
Elyvilon
Fedhas
Gozag
Kikubaaqudgha
Makhleb
Nemelex Xobeh
Okawaru
Qazlal
Ru
Sif Muna
Trog
Vehumet
Xom
Yredelemnul
Zin
The Shining One
Beogh
Jiyva
Lugonu


Innate Abilities, Weirdness & Mutations

You cannot wear boots.
Your serpentine skin is tough (AC +0).
You have supernaturally acute eyesight.
Armour fits poorly on your strangely shaped body.
Your system is resistant to poisons.
You cover ground very slowly.
You have a slow metabolism.
You can spit poison.


Message History

The griffon pecks you but does no damage.
You block the griffon's attack.
GONNNNG!
Press: ? - help, v - describe, . - travel The floor, spattered with blood.
Evoke which item? (* to show all) (? for menu, Esc to quit)
Zapping:
x - a wand of disintegration (5)
Press: ? - help, Shift-Dir - straight line, f/p - centaur warrior
Aim: a centaur warrior, wielding the +8 great sword "Idico" {freeze, rF+} (heavily wounded, chance to defeat MR: 48%)
The centaur warrior is blasted.
This wand has 4 charges left.
You block the centaur warrior's attack.
PANG!
You block the griffon's attack.
BOUMMMMG!
You block the griffon's attack.
GONNNNG!
The griffon claws you but does no damage.
The centaur warrior hits you with the +8 great sword "Idico" {freeze, rF+}!!
Ouch! That really hurt!
You die...

▓▓▓▓▓▓▓
▓.8©8.▓
▓.....▓
▓.)...▓
▓.Hc..▓
▓.@...▓
▓..(..▓
▓▓▓▓▓▓▓


You could see a griffon and a centaur warrior.

Vanquished Creatures (others)
  Prince Ribbit (D)
1 creature vanquished.

Notes
Turn   | Place    | Note
--------------------------------------------------------------
     0 | D        | hexophile the Naga Monk began the quest for the Orb.
     0 | D        | Reached XP level 1. HP: 21/21 MP: 1/1
     0 | D        | Found a roughly hewn altar of Beogh.
     0 | D        | Found a corrupted altar of Lugonu.
     0 | D        | Found a viscous altar of Jiyva.
     0 | D        | Found a white marble altar of Elyvilon.
     0 | D        | Found a sparkling altar of Nemelex Xobeh.
     0 | D        | Found a burning altar of Makhleb.
     0 | D        | Found an iron altar of Okawaru.
     0 | D        | Found a deep blue altar of Sif Muna.
     0 | D        | Found a radiant altar of Vehumet.
     0 | D        | Found a bloodstained altar of Trog.
     0 | D        | Found a shimmering altar of Xom.
     2 | D        | Killed Prince Ribbit
    20 | D        | Became a worshipper of Cheibriados the Contemplative
    20 | D        | Acquired Cheibriados's first power
    79 | D        | Entered arena 1.
    79 | D        | Noticed a griffon
    79 | D        | Noticed a centaur warrior
    79 | D        | Identified the +8 great sword "Idico" {freeze, rF+}
    84 | D        | Mangled by a centaur warrior

Vault maps used:
D:        sprint_v

Action                   || total
-------------------------++-------
Melee: Unarmed           ||     1
Evoke: Wand              ||     3
